 Dungeon Crawl Stone Soup version 0.30-a0-219-gf2db51d15e (webtiles) character file.

Game seed: 12192789190911270573

9130 MovingMist the Nimble (level 11, -3/71 HPs)
             Began as a Gargoyle Fighter on Oct 7, 2022.
             Was a High Priest of Okawaru.
             Slain by Snorg (16 damage)
             ... on level 10 of the Dungeon.
             The game lasted 00:17:37 (7492 turns).

MovingMist the Nimble (Gargoyle Fighter)            Turns: 7492, Time: 00:17:38

Health: -3/71      AC: 19    Str: 25    XL:     11   Next: 41%
Magic:  11/11      EV: 12    Int: 10    God:    Okawaru [*****.]
Gold:   631        SH:  4    Dex: 10    Spells: 10/10 levels left

rFire   . . .      SeeInvis .    M - +9 falchion "Efroowk" {vorpal, *Corrode rPois Will+++ Dex-3}
rCold   . . .      Faith    .    c - +0 buckler
rNeg    + . .      Spirit   .    C - +0 scale mail of the Okapi {Slay+6}
rPois   ∞          Reflect  .    N - +0 helmet
rElec   +          Harm     .    (no cloak)
rCorr   .          Rampage  .    h - +0 pair of gloves
Will    +++..                    (no boots)
Stlth   ..........               m - amulet of regeneration
HPRegen 1.11/turn                e - +4 ring of slaying
MPRegen 0.12/turn                K - +6 ring of strength

@: no status effects
A: sickness immunity, AC +8, negative energy resistance 1, electricity
resistance, torment resistance 1, petrification resistance
a: Renounce Religion, Heroism, Finesse, Duel


You were on level 10 of the Dungeon.
You worshipped Okawaru.
Okawaru was extremely pleased with you.
You visited 2 branches of the dungeon, and saw 11 of its levels.
You visited the Abyss 1 time.
You also visited: Sewer.

You collected 631 gold pieces.

Inventory:

Hand Weapons
 q - a +2 mace of protection
 M - the +9 falchion "Efroowk" (weapon) {vorpal, *Corrode rPois Will+++ Dex-3}
   (Okawaru gifted it to you on level 10 of the Dungeon)

   It inflicts extra damage upon your enemies.
   Dex:       It affects your dexterity (-3).
   rPois:     It protects you from poison.
   *Corrode:  It may corrode you when you take damage.
   Will:      It greatly increases your willpower.
Armour
 c - a +0 buckler (worn)
 h - a +0 pair of gloves (worn)
 i - a +0 chain mail
 C - the +0 scale mail of the Okapi (worn) {Slay+6}
   (You found it on level 6 of the Dungeon)

   Slay:      It affects your accuracy & damage with ranged weapons and melee
   (+6).
 N - a +0 helmet (worn)
Jewellery
 e - a +4 ring of slaying (left hand)
 m - an amulet of regeneration (around neck)
 E - a +6 ring of dexterity
 K - a +6 ring of strength (right hand)
Wands
 k - a wand of polymorph (4)
 r - a wand of iceblast (2)
 F - a wand of quicksilver (6)
 G - a wand of digging (6)
Scrolls
 b - 2 scrolls of poison {unknown}
 g - 3 scrolls of amnesia {unknown}
 n - a scroll of torment {unknown}
 o - 2 scrolls of vulnerability {unknown}
 s - a scroll of brand weapon {unknown}
 t - a scroll of fear {unknown}
 v - 2 scrolls of magic mapping {unknown}
 x - 6 scrolls of identify
 y - a scroll of fog {unknown}
 z - a scroll of noise {unknown}
 B - 2 scrolls of teleportation {unknown}
 H - a scroll of summoning {unknown}
 I - 3 scrolls of immolation {unknown}
 J - a scroll of enchant weapon {unknown}
 L - a scroll of silence {unknown}
Potions
 a - 2 potions of flight
 d - 3 potions of might
 f - 3 potions of attraction
 j - a potion of cancellation
 l - 10 potions of curing
 p - 6 potions of degeneration {unknown}
 u - 3 potions of lignification
 w - 2 potions of heal wounds
 A - a potion of brilliance {unknown}
 D - 2 potions of resistance {unknown}


   Skills:
 + Level 9.3 Fighting
 + Level 8.1 Maces & Flails
 + Level 9.3 Armour
 * Level 9.3 Dodging
 - Level 3.2 Shields


You had 10 spell levels left.
You didn't know any spells.
Your spell library contained the following spells:

 Spells                   Type           Power      Damage    Failure   Level
 Apportation              Tloc           0%         N/A       71%         1
 Beastly Appendage        Tmut           0%         N/A       71%         1
 Magic Dart               Conj           0%         1d3       71%         1
 Wereblood                Tmut           0%         N/A       83%         2
 Frozen Ramparts          Ice            0%         1d1       97%         3
 Inner Flame              Hex/Fire       0%         N/A       97%         3
 Mephitic Cloud           Conj/Pois/Air  0%         N/A       97%         3
 Spider Form              Tmut/Pois      0%         N/A       97%         3
 Cause Fear               Hex            0%         N/A       100%        4
 Flame Wave               Conj/Fire      0%         2d4       100%        4
 Ice Form                 Ice/Tmut       0%         N/A       100%        4
 Sticky Flame             Conj/Fire      0%         2d3       100%        4
 Alistair's Intoxication  Tmut/Pois      0%         N/A       100%        5
 Blade Hands              Tmut           0%         N/A       100%        5
 Eringya's Noxious Bog    Tmut/Pois      0%         N/A       100%        6
 Iron Shot                Conj/Erth      0%         9d1       100%        6
 Discord                  Hex            0%         N/A       100%        8
 Call Imp                 Summ           Unusable   N/A       N/A         2
 Animate Armour           Summ/Erth      Unusable   N/A       N/A         4
 Summon Ice Beast         Ice/Summ       Unusable   N/A       N/A         4
 Summon Forest            Summ/Tloc      Unusable   N/A       N/A         5
 Summon Hydra             Summ           Unusable   N/A       N/A         7

Dungeon Overview and Level Annotations

Branches:
Dungeon (10/15)            Temple (1/1) D:5           Sewer (visited)
   Lair: D:8-11         Orc: D:9-12

Altars:
Ashenzari
Cheibriados
Dithmenos
Elyvilon
Fedhas
Gozag
Hepliaklqana
Kikubaaqudgha
Makhleb
Nemelex Xobeh
Okawaru
Qazlal
Ru
Sif Muna
Trog
Uskayaw
Vehumet
Wu Jian
Xom
Yredelemnul
Zin
The Shining One
Jiyva

Shops:
D:5 :

Annotations:
D:7 2 transporters, gabibbone's ghost, novice TeBr
D:8 3 runed translucent doors, gabibbone's ghost, novice TeHu
D:9 1 runed translucent door, PaleRider's ghost, novice DsBr
D:10 Snorg


Innate Abilities, Weirdness & Mutations

You are immune to sickness and miasma.
Your stone body is resilient. (AC +8)
You are immune to poison.
You resist negative energy. (rN+)
You are resistant to electric shocks. (rElec)
You are resistant to unholy torment.
You are immune to petrification.


Message History

You kill the centaur!
Okawaru accepts your kill.
You start putting on your armour.
You continue putting on your +0 helmet. x4
You finish putting on your +0 helmet.
You see here a +0 shortbow.
Found a leather armour.
There is a shaft here.
Found a stone staircase leading up.
Snorg the Insatiable comes into view.
Found 5 gold pieces.
Snorg shouts!
Snorg is nearby!
Snorg goes berserk!
Snorg misses you. Snorg claws you! Snorg barely misses you.
You slice Snorg!!
Snorg is lightly wounded.
Snorg bites you but does no damage. Snorg closely misses you.
Snorg claws you but does no damage. Snorg barely misses you. x2
Snorg claws you but does no damage.
You hit Snorg.
Snorg is lightly wounded.
Snorg bites you!! Snorg claws you. You block Snorg's attack. Snorg bites you!
You block Snorg's attack. Snorg claws you but does no damage.
You are too injured to fight recklessly!
You closely miss Snorg.
Snorg is lightly wounded.
Snorg barely misses you. Snorg closely misses you. x3
Snorg claws you but does no damage. Snorg closely misses you.
You slice Snorg!!
Snorg is moderately wounded.
Snorg barely misses you. Snorg claws you!
* * * LOW HITPOINT WARNING * * *
Snorg barely misses you. Snorg completely misses you. Snorg misses you.
Snorg closely misses you.
You hit Snorg.
Snorg is heavily wounded.
Snorg completely misses you. Snorg claws you.
* * * LOW HITPOINT WARNING * * *
Snorg claws you but does no damage. Snorg bites you!
You die...

........##.....##...............#
...............##........####...#
.......(.......##........# #...#
...............##..##....####....
..............................###
##################............#
.................##############
....................$...
....#.####...<..@T......
...#######..............
#####..8#...............
#####...##.......##.....
........##.......##.....
.........#......... ....
....#...#........## ..#
....#...##.......##....##...
#####......^.....#...........


You could see Snorg (berserk).

Vanquished Creatures
  Josephine (D:10)
  Erica (D:8)
  A two-headed ogre (D:8)
  Psyche (D:8)
  A komodo dragon (D:10)
  A large abomination (Abyss:1)
  Grinder (D:3)
  Prince Ribbit (D:9)
  Sigmund (D:6)
  4 yaks
  A wyvern (D:10)
  3 hogs (D:7)
  A human (D:7)
  6 wraiths
  An acid dragon (D:9)
  A water moccasin (D:7)
  Pargi (Sewer)
  2 ice beasts
  A sky beast (D:7)
  A black bear (D:7)
  An ogre (D:6)
  4 centaurs
  A kobold brigand (Sewer)
  3 bullfrogs
  A scorpion (D:4)
  20 wights
  7 killer bees
  6 howler monkeys (D:9)
  2 hounds
  3 jellies
  An orc priest (D:4)
  An iguana (D:6)
  8 orc wizards
  Terence (D:3)
  7 gnolls
  14 adders
  A white imp (D:6)
  12 worms
  4 dart slugs
  19 orcs
  3 bat zombies (D:8)
  6 endoplasms
  2 giant cockroaches
  5 goblins
  4 hobgoblins
  A jackal (D:2)
  4 quokkas
  8 ball pythons
  8 bats
  2 frilled lizards
  10 kobolds
  5 rats
205 creatures vanquished.

Vanquished Creatures (others)
  Maurice (D:8)
  An orc wizard (D:7)
  An orc (D:9)
  6 plants (D:9)
9 creatures vanquished.

Grand Total: 214 creatures vanquished

Notes
Turn   | Place    | Note
-------+----------+-------------------------------------------
     0 | D:1      | MovingMist the Gargoyle Fighter began the quest for the
                  | Orb.
     0 | D:1      | Reached XP level 1. HP: 14/14 MP: 1/1
   127 | D:1      | Reached XP level 2. HP: 19/19 MP: 2/2
   347 | D:1      | Reached skill level 1 in Dodging
   658 | D:1      | Reached XP level 3. HP: 18/23 MP: 3/3
   853 | D:2      | Found a faded altar of an unknown god.
  1048 | D:2      | Reached XP level 4. HP: 29/29 MP: 4/4
  1514 | D:2      | Reached XP level 5. HP: 33/33 MP: 5/5
  1942 | D:4      | Reached XP level 6. HP: 34/38 MP: 6/6
  2004 | D:3      | Found a glowing drain.
  2009 | Sewer    | Entered a sewer
  2062 | Sewer    | Noticed Pargi
  2098 | Sewer    | Killed Pargi
  2364 | D:3      | Noticed Grinder
  2364 | D:3      | Paralysed by Grinder for 5 turns
  2371 | D:3      | Noticed Terence
  2391 | D:3      | Killed Terence
  2394 | D:3      | Paralysed by Grinder for 3 turns
  2400 | D:3      | Paralysed by Grinder for 3 turns
  2407 | D:3      | Paralysed by Grinder for 2 turns
  2418 | D:3      | Killed Grinder
  2419 | D:3      | Reached skill level 5 in Fighting
  2419 | D:3      | Reached skill level 5 in Armour
  2419 | D:3      | Reached XP level 7. HP: 44/44 MP: 7/7
  3041 | D:5      | Entered Level 5 of the Dungeon
  3138 | D:5      | Found Ejodidd's Book Shop.
  3164 | D:5      | Reached XP level 8. HP: 49/49 MP: 8/8
  3346 | D:5      | Found a shimmering blue altar of Sif Muna.
  3461 | D:5      | Found a staircase to the Ecumenical Temple.
  3469 | Temple   | Entered the Ecumenical Temple
  3614 | Temple   | Became a worshipper of Warmaster Okawaru
  3922 | D:6      | Noticed Sigmund
  3930 | D:6      | Killed Sigmund
  3931 | D:6      | Reached skill level 5 in Dodging
  4051 | D:6      | Identified the +0 scale mail of the Okapi {Slay+6}
  4065 | D:6      | Reached * piety under Okawaru
  4244 | D:6      | Found a sparkling altar of Nemelex Xobeh.
  4398 | D:6      | Reached skill level 5 in Maces & Flails
  4550 | D:7      | Found a shimmering altar of Xom.
  4584 | D:7      | Reached XP level 9. HP: 56/56 MP: 9/9
  4644 | D:7      | Found a glowing golden altar of the Shining One.
  4644 | D:7      | Found a glowing silver altar of Zin.
  4644 | D:7      | Found a white marble altar of Elyvilon.
  4751 | D:6      | Reached ** piety under Okawaru
  4927 | D:7      | Found a transporter.
  4932 | D:7      | Noticed a moth of wrath
  4989 | D:7      | Found a transporter.
  4995 | D:7      | Noticed gabibbone's ghost (novice TeBr)
  5062 | D:7      | Found a broken altar of Ashenzari.
  5395 | D:7      | Reached *** piety under Okawaru
  5435 | D:8      | Noticed Maurice
  5454 | D:8      | Killed Maurice
  5455 | D:8      | Reached XP level 10. HP: 30/63 MP: 10/10
  5528 | D:8      | Noticed Psyche
  5538 | Abyss:1  | Cast into level 1 of the Abyss (Psyche)
  5588 | D:8      | Escaped the Abyss
  5647 | D:8      | Killed Psyche
  5723 | D:8      | Reached **** piety under Okawaru
  5848 | D:8      | Noticed Erica
  5869 | D:8      | Killed Erica
  5966 | D:8      | Found an ancient bone altar of Kikubaaqudgha.
  6083 | D:8      | Found a runed translucent gate.
  6083 | D:8      | Found a runed translucent gate.
  6083 | D:8      | Found a runed translucent gate.
  6084 | D:8      | Noticed gabibbone's ghost (novice TeHu)
  6093 | D:8      | Found a viscous altar of Jiyva.
  6260 | D:9      | Noticed Prince Ribbit
  6293 | D:9      | Killed Prince Ribbit
  6298 | D:9      | Noticed a two-headed ogre
  6356 | D:8      | Killed a two-headed ogre
  6356 | D:8      | Reached ***** piety under Okawaru
  6417 | D:9      | Reached XP level 11. HP: 61/69 MP: 11/11
  6708 | D:9      | Found a runed translucent door.
  6711 | D:9      | Noticed PaleRider's ghost (novice DsBr)
  6711 | D:9      | Identified the +3 spear of the Unkillable {speed, rPois
                  | rF+++ rC- Dex+5}
  6936 | D:10     | Entered Level 10 of the Dungeon
  6936 | D:10     | Noticed Josephine
  6986 | D:10     | Killed Josephine
  6986 | D:10     | Identified the +9 falchion "Efroowk" {vorpal, *Corrode
                  | rPois Will+++ Dex-3} (Okawaru gifted it to you on level 10
                  | of the Dungeon)
  6986 | D:10     | Received a gift from Okawaru
  7329 | D:10     | Found a shadowy altar of Dithmenos.
  7484 | D:10     | Noticed Snorg
  7492 | D:10     | Slain by Snorg

Illustrated notes

Levels and vault maps discovered:
D:1:      ncdulo_lavacross, layout_basic
D:2:      minmay_diamond_boxcup, layout_loops_cross,
          hellmonk_ecumenical_altar_lost_god
D:3:      layout_basic, portal_sewer_entry_e, solitary_fountain,
          corexii_corridor_pit, uniq_terence, uniq_grinder
D:4:      layout_rooms, nicolae_wormholes
D:5:      layout_basic, kennysheep_mini_moat,
          minmay_temple_entry_enclosed_plants, serial_shops, kennysheep_mini
D:6:      layout_basic, nemelex_diamond_rough_becter, uniq_sigmund
D:7:      layout_gridville, dreamdust_divine_triumvirate,
          mainiacjoe_overflow_catwalk, mainiacjoe_overflow_brackets,
          gammafunk_ghost_berserking_beasts, grunt_livestock
D:8:      layout_loops_ring, lemuel_zombie_altar_kikubaaqudgha,
          gammafunk_ghost_ooze, dreamdust_mushroom_princess, uniq_erica,
          uniq_psyche, uniq_maurice
D:9:      layout_rooms, ebering_ghost_funeral_grove, uniq_prince_ribbit1
D:10:     hellmonk_crumbling_castle, layout_stronghold,
          mainiacjoe_overflow_cross_hatched, uniq_josephine, uniq_snorg,
          uniq_gastronok
Temple:   nicolae_temple_figure_eight

Skill      XL: |  1  2  3  4  5  6  7  8  9 10 11 |
---------------+----------------------------------+-----
Dodging        | 1 2 3 4 5 7 8 9 |  9.3
Fighting       | 4 5 6 7 8 9 |  9.3
Armour         | 4 5 6 7 8 9 |  9.3
Maces & Flails | 3 4 5 6 7 8 |  8.1
Shields        | |  3.2

Action                   |  1- 3 |  4- 6 |  7- 9 | 10-12 || total
-------------------------+-------+-------+-------+-------++-------
Melee: Flail             |    95 |    53 |       |       ||   148
       Mace              |       |   170 |   310 |   219 ||   699
       Falchion          |       |       |       |    35 ||    35
  Use: Scroll            |       |       |     4 |       ||     4
Armor: Scale mail        |    81 |   182 |   226 |   203 ||   692
       Chain mail        |       |       |    59 |       ||    59
Dodge: Dodged            |    67 |   133 |   181 |   233 ||   614
Block: Buckler           |    27 |    50 |    75 |    72 ||   224

Table legend: (Time is in decaauts)
 A = Elapsed time spent in this place.
 B = Non-inter-level travel time spent in this place.
 C = Inter-level travel time spent in this place.
 D = Time resting spent in this place.
 E = Time spent auto-exploring this place.
 F = Levels seen in this place.
 G = Mean time per level.
                   A        B        C        D        E       F      G
               +--------+--------+--------+--------+--------+-----+--------+
         Total |   7754 |   7444 |    310 |     72 |   4835 |  13 |  596.5 |
       Dungeon |   7192 |   6893 |    299 |     72 |   4633 |  10 |  719.2 |
        Temple |    254 |    243 |     11 |      0 |    196 |   1 |  254.0 |
         Abyss |     66 |     66 |      0 |      0 |      0 |   1 |   66.0 |
         Sewer |    240 |    240 |      0 |      0 |      6 |   1 |  240.0 |
               +--------+--------+--------+--------+--------+-----+--------+

Top non-repeatable levels by time:
     D:7: 927 daAuts
     D:2: 891 daAuts
     D:8: 878 daAuts
     D:1: 830 daAuts
     D:9: 650 daAuts
     D:5: 636 daAuts
     D:6: 632 daAuts
     D:3: 629 daAuts
     D:4: 570 daAuts
    D:10: 544 daAuts
  Temple: 254 daAuts
   Sewer: 240 daAuts
 Abyss:1: 66 daAuts
